 Dungeon Crawl Stone Soup version 0.21.1-1-g345015fe64 (webtiles) character file.

96 Freyura the Sneak (level 4, -6/23 HPs)
             Began as a Vine Stalker Assassin on May 18, 2018.
             Mangled by a gnoll (7 damage)
             ... on level 2 of the Dungeon.
             The game lasted 00:07:08 (1728 turns).

Freyura the Sneak (Vine Stalker Assassin)           Turns: 1728, Time: 00:07:08

Health: -6/23      AC:  4    Str: 14    XL:     4   Next: 67%
Magic:  0/5        EV: 12    Int: 11    God:
Gold:   86         SH:  0    Dex: 16    Spells: 3/3 levels left

rFire    . . .     SeeInvis .   a - +2 dagger
rCold    . . .     Gourm    .   (no shield)
rNeg     . . .     Faith    .   l - +0 robe (curse)
rPois    .         Spirit   +   (no helmet)
rElec    .         Reflect  .   d - +0 cloak
rCorr    .         Harm     .   m - +0 pair of gloves
MR       .....                  (no boots)
Stlth    +++.......             (no amulet)
HPRegen  0.47/turn              (no ring)
MPRegen  0.09/turn              (no ring)

@: no status effects
A: fangs 2, regeneration 1, magic shield, antimagic bite, no potion heal 3, rot
immunity
a: no special abilities


You were on level 2 of the Dungeon.
You were full.

You visited 1 branch of the dungeon, and saw 2 of its levels.

You collected 86 gold pieces.

Inventory:

Hand Weapons
 a - a +2 dagger (weapon)
 b - a +0 blowgun
Missiles
 e - 8 poisoned needles
 f - 2 curare-tipped needles
Armour
 c - a +0 robe
 d - a +0 cloak (worn)
 l - a cursed +0 robe (worn)
 m - a +0 pair of gloves (worn)
Wands
 p - a wand of digging (4)
Scrolls
 h - a scroll of fog {unknown}
 k - a scroll of immolation {unknown}
 n - a scroll of identify {unknown}
 o - a scroll of remove curse {unknown}
Potions
 i - a potion of might {unknown}
 j - a potion of lignification {unknown}
Comestibles
 g - a ration


   Skills:
 + Level 2.6 Fighting
 + Level 2.6 Short Blades
 - Level 1.7 Throwing
 + Level 1.8 Dodging
 + Level 5.5 Stealth


You had 3 spell levels left.
You didn't know any spells.

Dungeon Overview and Level Annotations

Branches:
Dungeon (2/15)

Altars:
Gozag
Nemelex Xobeh


Innate Abilities, Weirdness & Mutations

You have extremely sharp teeth.
Your natural rate of healing is unusually fast.
When hurt, damage is shared between your health and your magic reserves.
Your bite disrupts and absorbs the magic of your enemies.
Potions cannot restore your health.
You are immune to rotting.


Message History

The gnoll closely misses you. The gnoll hits you.
You hit the gnoll.
The gnoll is moderately wounded.
The gnoll hits you from afar with a spear!
The gnoll hits you but does no damage.
You hit the gnoll.
The gnoll is severely wounded.
The gnoll misses you.
You hit the gnoll.
The gnoll is severely wounded.
The gnoll hits you.
You barely miss the gnoll.
The gnoll is severely wounded.
The gnoll hits you from afar with a spear!
The gnoll hits you!
* * * LOW HITPOINT WARNING * * *
You hit the gnoll.
The gnoll is severely wounded.
The gnoll closely misses you. The gnoll hits you!
You die...

.# .# ##. #### ##+##
#...... ##...## #.##.##
###.....##
#.#..[##.##.g.....##.#
###......#.#....g....#..
...........+....@.......
###......# #............
#.#...##.##.......#.##
#........###.....##
####.##### ##...## #.#
##'## #.#########.#
#.........#.#
#..######.#.##


You could see 2 gnolls.

Vanquished Creatures
  2 gnolls
  3 adders (D:2)
  3 leopard geckos
  8 goblins
  7 hobgoblins
  5 kobolds
  3 quokkas (D:2)
  7 bats
  3 frilled lizards
  4 rats (D:1)
45 creatures vanquished.

Notes
Turn   | Place    | Note
-------+----------+-------------------------------------------
     0 | D:1      | Freyura the Vine Stalker Assassin began the quest for the Orb.
     0 | D:1      | Reached XP level 1. HP: 11/11 MP: 2/2
   123 | D:1      | Reached skill level 1 in Dodging
   128 | D:1      | Reached XP level 2. HP: 14/15 MP: 3/3
   133 | D:1      | Reached skill level 5 in Stealth
   498 | D:1      | Reached XP level 3. HP: 13/18 MP: 4/4
  1266 | D:2      | Gained mutation: Your natural rate of healing is unusually fast. [Vine Stalker growth]
  1266 | D:2      | Reached XP level 4. HP: 23/23 MP: 5/5
  1490 | D:2      | Found a sparkling altar of Nemelex Xobeh.
  1491 | D:2      | Found an opulent altar of Gozag.
  1727 | D:2      | HP: 1/23 [gnoll (7)]
  1728 | D:2      | Mangled by a gnoll

Skill      XL: |  1  2 |
---------------+-------+-----
Dodging        | 1 |  1.8
Fighting       | 2 |  2.6
Stealth        | 5 |  5.5
Short Blades   | 2 |  2.6
Throwing       | |  1.7

Action                   |  1- 3 |  4- 6 || total
-------------------------+-------+-------++-------
Melee: Dagger            |    81 |    38 ||   119
       Bite              |    16 |     8 ||    24
  Use: Scroll            |     2 |       ||     2
 Stab: Sleeping          |    11 |     4 ||    15
  Eat: Ration            |     2 |       ||     2
Armor: Robe              |    12 |     4 ||    16
Dodge: Dodged            |    45 |    17 ||    62
